 Dungeon Crawl Stone Soup version 0.30-a0-862-g1aabd4f9c5 (webtiles) character file.

Game seed: 16748657191438812768

14301 Pooter the Cleaver (level 11, -4/151 HPs)
             Began as a Minotaur Berserker on Mar 9, 2023.
             Was a Believer of Trog.
             Slain by a minotaur
             ... wielding the +12 pair of quick blades "Gyre" and "Gimble" {protect}
              (7 damage)
             ... in a Gauntlet.
             The game lasted 01:11:25 (10959 turns).

Pooter the Cleaver (Minotaur Berserker)            Turns: 10959, Time: 01:11:25

Health: -4/151     AC: 18    Str: 26    XL:     11   Next: 86%
Magic:  10/10      EV:  7    Int:  4    God:    Trog [**....]
Gold:   707        SH:  0    Dex: 10    Spells: 10/10 levels left

rFire   . . .      SeeInvis +    a - +4 war axe
rCold   . . .      Faith    .    (no shield)
rNeg    . . .      Spirit   .    H - +2 plate armour {rPois}
rPois   +          Reflect  .    (helmet restricted)
rElec   .          Rampage  .    z - +0 cloak {Stlth+}
rCorr   .          NoTele   +    (no gloves)
Will    ++...                    (no boots) Stlth
                                 O - amulet of the acrobat
HPRegen 1.45/turn                A - +4 ring of protection
MPRegen 0.12/turn                S - ring of see invisible

@: mighty, berserking, strong-willed, regenerating, hasted, very quick
A: horns 2, retaliatory headbutt
a: Renounce Religion, Berserk, Trog's Hand


You were in a Gauntlet.
You worshipped Trog.
Trog was pleased with you.
You visited 2 branches of the dungeon, and saw 13 of its levels.
You also visited: Bailey and Gauntlet.

You collected 893 gold pieces.
You spent 186 gold pieces at shops.

Inventory:

Hand Weapons
 a - a +4 war axe (weapon)
   (You found it on level 2 of the Dungeon)
 b - the +5 arbalest of Urav {flame, rC+}
   (You acquired it on level 12 of the Dungeon)

   rC:        It protects you from cold.
 g - a +5 trident
   (You took it off a wight on level 9 of the Dungeon)
 m - a +3 spear
   (You took it off a gnoll on level 3 of the Dungeon)
 n - a +0 broad axe
   (You took it off an orc warrior on level 10 of the Dungeon)
 o - a +0 trident
   (You took it off an orc in a bailey)
 r - a +0 heavy morningstar
   (You took it off a wight on level 8 of the Dungeon)
 E - a +0 halberd
   (You took it off an orc in a bailey)
 K - a +0 sling
   (You took it off a goblin on level 2 of the Dungeon)
Missiles
 x - 22 poisoned darts (quivered)
 y - 5 boomerangs
 C - a curare-tipped dart
 I - a throwing net {!f}
 Q - 68 stones
Armour
 z - a +0 cloak of stealth (worn)
   (You found it in a Gauntlet)
 D - a +2 tower shield of protection
   (You found it in a bailey)
 H - a +2 plate armour of poison resistance (worn)
   (You found it in a bailey)
 P - a +2 cloak
   (You found it on level 10 of the Dungeon)
Jewellery
 j - a +6 ring of intelligence
   (You found it on level 2 of the Dungeon)
 A - a +4 ring of protection (left hand)
   (You found it on level 5 of the Dungeon)
 F - a ring of protection from fire
   (You found it on level 4 of the Dungeon)
 G - an amulet of guardian spirit
   (You found it on level 12 of the Dungeon)
 N - a ring of positive energy
   (You found it on level 2 of the Dungeon)
 O - an amulet of the acrobat (around neck)
   (You found it in a Gauntlet)
 S - a ring of see invisible (right hand)
   (You found it on level 2 of the Dungeon)
Wands
 d - a wand of iceblast (11)
   (You took it off an orc wizard on level 8 of the Dungeon)
 l - a wand of mindburst (27)
   (You took it off a gnoll bouda on level 8 of the Dungeon)
 u - a wand of paralysis (3)
   (You found it on level 4 of the Dungeon)
Scrolls
 h - 2 scrolls of blinking
 i - a scroll of identify {@r1}
 p - 2 scrolls of fog
 t - 10 scrolls of teleportation {@r4}
 J - a scroll of torment {unknown}
 L - a scroll of amnesia {unknown}
 M - a scroll of fear
Potions
 c - 3 potions of heal wounds {@q2}
 e - a potion of attraction {unknown}
 f - 6 potions of curing {@q1}
 q - a potion of cancellation
 s - a potion of berserk rage {unknown}
 v - a potion of haste {@q3}
 w - 2 potions of flight
 B - a potion of mutation {unknown}


   Skills:
 + Level 10.9 Fighting
 * Level 14.7 Axes
 * Level 12.8 Ranged Weapons
 - Level 2.4 Armour
 - Level 2.1 Dodging
 + Level 3.6 Evocations


You had 10 spell levels left.
You didn't know any spells.
Your spell library was empty.

Dungeon Overview and Level Annotations

Branches:
Dungeon (12/15)            Temple (0/1) D:5            Lair (1/5) D:8
    Orc (0/2) D:11         Bailey (visited)         Gauntlet (1/1)

Altars:
Ashenzari
Cheibriados
Hepliaklqana
Nemelex Xobeh
Qazlal
Ru
Sif Muna
Wu Jian
Yredelemnul
Zin
The Shining One

Shops:
D:4 :   D:10 *

Portals:
Trove: D:10 (give 2 scrolls of acquirement)

Annotations:
Gauntlet 2 transporters


Innate Abilities, Weirdness & Mutations

You have a pair of horns on your head.
You reflexively headbutt those who attack you in melee.


Message History

Okay, then.
You start removing your amulet.
You continue taking off your amulet of guardian spirit. x4
You finish taking off your amulet of guardian spirit.
You start putting on your amulet.
You continue putting on your amulet of the acrobat. x5
You finish putting on your amulet of the acrobat.
You feel ready to tumble and roll out of harm's way.
O - an amulet of the acrobat (around neck)
You feel yourself speed up.
Your skin crawls.
You feel strong-willed.
You feel very mighty all of a sudden.
You open the door.
A minotaur comes into view.
It is wielding the +12 pair of quick blades "Gyre" and "Gimble" {protect}.
The minotaur bellows!
Found a glowing robe and 4 boomerangs of dispersal.
Found a plate armour and a tubular cabochon ring.
Found a gate leading back out of this place.
The minotaur throws a javelin.
The javelin pierces through you!
There is an open door, spattered with blood here.
You completely miss the minotaur. Your headbutt misses the minotaur.
You slash the minotaur!
The minotaur hits you but does no damage.
The minotaur barely misses you.
The minotaur gores you but does no damage.
You miss the minotaur.
The minotaur furiously retaliates!
The minotaur headbutts you.
You headbutt the minotaur, but do no damage.
You slice the minotaur!! Your headbutt misses the minotaur.
The minotaur barely misses you. You furiously retaliate!
You headbutt the minotaur!
The minotaur hits you with the +12 quick blade "Gimble" {protect}!!
The minotaur gores you!
You hit the minotaur but do no damage.
You headbutt the minotaur, but do no damage.
You slice the minotaur!!
The minotaur hits you with the +12 quick blade "Gyre" {protect}!
The minotaur hits you with the +12 quick blade "Gimble" {protect}!!
* * * LOW HITPOINT WARNING * * *
The minotaur gores you.
* * * LOW HITPOINT WARNING * * *
A red film seems to cover your vision as you go berserk!
You feel yourself moving faster!
You feel mighty!
The minotaur hits you with the +12 quick blade "Gyre" {protect}!!
* * * LOW HITPOINT WARNING * * *
The minotaur hits you with the +12 quick blade "Gimble" {protect}!
* * * LOW HITPOINT WARNING * * *
The minotaur gores you!
You die...

##### #8∩8#
#(.=# #8.8#
#[.[####
#8H8#.8###
#.@.#....#
#8.8#..#.#
.#..##'##..#.#
#.............#
#.#.##.#.##.#.#
...#....#
.#.#######.#.###
..............≈#
8.8..©.©..8.8§8#
##


You could see a minotaur.

Vanquished Creatures
  A vault guard (D:10)
  A hydra (D:12)
  A catoblepas (Gauntlet)
  A skeletal warrior (D:8)
  An orc knight (Bailey)
  2 gargoyles (Gauntlet)
  A komodo dragon (D:8)
  An unseen horror (D:12)
  6 trolls
  2 raiju (Gauntlet)
  A shadow (D:9)
  2 wyverns
  2 wraiths
  A vampire (D:12)
  5 yaks (D:10)
  5 steam dragons
  2 vampire mosquitoes (D:12)
  2 swamp worms (Gauntlet)
  2 acid dragons
  2 ice beasts
  6 water moccasins
  11 orc warriors
  4 sky beasts
  4 black bears
  An ogre (D:5)
  A centaur (D:7)
  4 kobold brigands
  6 bullfrogs
  3 scorpions
  10 wights
  11 killer bees
  3 howler monkeys
  6 jellies
  2 hounds
  A gnoll bouda (D:8)
  2 orc priests
  2 sleepcaps
  Natasha (thrice) (D:3)
  An iguana (D:5)
  14 orc wizards
  2 lightning spires (Gauntlet)
  10 adders
  4 gnolls (D:3)
  A white imp (D:8)
  2 ufetubi
  3 dart slugs
  26 orcs
  7 ball pythons
  7 bats
  8 endoplasms
  4 giant cockroaches
  8 goblins
  7 hobgoblins
  4 jackals
  14 kobolds
  6 quokkas
  6 frilled lizards
  6 rats
261 creatures vanquished.

Vanquished Creatures (others)
  An orc wizard (D:8)
  51 fungi
  40 plants (D:8)
92 creatures vanquished.

Grand Total: 353 creatures vanquished

Notes
Turn   | Place    | Note
-------+----------+-------------------------------------------
     0 | D:1      | Pooter the Minotaur Berserker began the quest for the Orb.
     0 | D:1      | Reached XP level 1. HP: 19/19 MP: 0/0
    69 | D:1      | Reached skill level 4 in Axes
   177 | D:1      | Reached XP level 2. HP: 23/27 MP: 1/1
   613 | D:1      | Reached XP level 3. HP: 23/33 MP: 2/2
   871 | D:2      | Found a faded altar of an unknown god.
   925 | D:2      | Reached ** piety under Trog
  1205 | D:2      | Reached skill level 5 in Axes
  1719 | D:3      | Reached XP level 4. HP: 41/41 MP: 3/3
  1723 | D:3      | Reached skill level 1 in Ranged Weapons
  1768 | D:3      | Noticed a kobold brigand
  1773 | D:3      | Found an ornate altar of the Wu Jian Council.
  1854 | D:3      | Killed a kobold brigand
  1855 | D:3      | Reached XP level 5. HP: 47/47 MP: 4/4
  1952 | D:3      | Noticed Natasha
  1958 | D:3      | Killed Natasha
  1959 | D:3      | Reached skill level 6 in Axes
  2135 | D:3      | Reached skill level 5 in Fighting
  2327 | D:3      | Reached XP level 6. HP: 56/56 MP: 5/5
  2353 | D:3      | Noticed Natasha
  2374 | D:3      | Killed Natasha
  2407 | D:3      | Noticed Natasha
  2412 | D:3      | Found a shimmering blue altar of Sif Muna.
  2425 | D:3      | Killed Natasha
  2905 | D:4      | Noticed an ice beast
  2909 | D:4      | Killed an ice beast
  2910 | D:4      | Reached skill level 7 in Axes
  2910 | D:4      | Reached XP level 7. HP: 61/61 MP: 6/6
  3075 | D:4      | Found a glowing golden altar of the Shining One.
  3247 | D:4      | Found Ejiloeh's Book Shoppe.
  3323 | D:5      | Entered Level 5 of the Dungeon
  3376 | D:5      | Reached *** piety under Trog
  3410 | D:5      | Found a sacrificial altar of Ru.
  3410 | D:5      | Found a stormy altar of Qazlal.
  3416 | D:5      | Reached skill level 5 in Ranged Weapons
  3593 | D:5      | Reached skill level 8 in Axes
  3598 | D:5      | Found a staircase to the Ecumenical Temple.
  3617 | D:5      | Noticed a steam dragon
  3625 | D:5      | Killed a steam dragon
  3629 | D:5      | Reached XP level 8. HP: 70/70 MP: 7/7
  4132 | D:6      | Reached skill level 9 in Axes
  4599 | D:6      | Found a sparkling altar of Nemelex Xobeh.
  4938 | D:7      | Found a flagged portal.
  5069 | D:7      | Identified the +3 leather armour "Bongopro" {Dex+2}
  5092 | Bailey   | Entered a bailey
  5102 | Bailey   | Reached XP level 9. HP: 79/79 MP: 8/8
  5255 | Bailey   | Noticed an orc knight
  5277 | Bailey   | Killed an orc knight
  5278 | Bailey   | Reached skill level 10 in Axes
  5860 | D:7      | Reached skill level 11 in Axes
  6315 | D:7      | Found a glowing silver altar of Zin.
  6951 | D:8      | Found a broken altar of Ashenzari.
  6952 | D:8      | Found a basalt altar of Yredelemnul.
  6954 | D:8      | Found a hazy altar of Hepliaklqana.
  6954 | D:8      | Found a snail-covered altar of Cheibriados.
  6998 | D:8      | Reached XP level 10. HP: 90/90 MP: 9/9
  7108 | D:8      | Reached skill level 12 in Axes
  7112 | D:8      | Reached skill level 10 in Ranged Weapons
  7308 | D:8      | Found a staircase to the Lair.
  7779 | D:8      | Noticed a skeletal warrior
  7800 | D:8      | Killed a skeletal warrior
  7801 | D:8      | Reached skill level 13 in Axes
  8438 | D:9      | Reached skill level 1 in Evocations
  8460 | D:9      | You fall into a shaft and drop 3 floors!
  8511 | D:12     | Reached XP level 11. HP: 99/99 MP: 10/10
  8590 | D:12     | Identified a scroll of acquirement
  8590 | D:12     | Acquired the +5 arbalest of Urav {flame, rC+}
  8657 | D:12     | Noticed a four-headed hydra
  8665 | D:12     | Killed a four-headed hydra
  8666 | D:12     | Reached skill level 10 in Fighting
  9029 | D:10     | Entered Level 10 of the Dungeon
  9029 | D:10     | Found Soeclaeg's Assorted Antiques.
  9038 | D:10     | Bought a scroll labelled QUEMNE ACOHEH for 21 gold pieces
  9038 | D:10     | Bought a scroll of identify for 42 gold pieces
  9038 | D:10     | Bought a scroll of fog for 84 gold pieces
  9038 | D:10     | Bought a scroll labelled GEIJISK ZIZUNE for 21 gold pieces
  9038 | D:10     | Bought an amethyst potion for 18 gold pieces
  9513 | D:10     | Reached skill level 14 in Axes
  9840 | D:10     | Noticed a vault guard
  9851 | D:10     | Killed a vault guard
  9962 | D:10     | Found a portal to a secret trove of treasure.
 10655 | Lair:1   | Entered Level 1 of the Lair of Beasts
 10659 | Lair:1   | Found a gate leading to a gauntlet.
 10668 | Gauntlet | Entered a Gauntlet
 10668 | Gauntlet | Found a transporter.
 10668 | Gauntlet | Found a transporter.
 10668 | Gauntlet | Found a transporter.
 10677 | Gauntlet | Found a transporter.
 10678 | Gauntlet | Found a transporter.
 10691 | Gauntlet | Noticed a catoblepas
 10781 | Gauntlet | Killed a catoblepas
 10840 | Gauntlet | Found a transporter.
 10843 | Gauntlet | Found a transporter.
 10853 | Gauntlet | Found a transporter.
 10949 | Gauntlet | Noticed a minotaur
 10959 | Gauntlet | HP: 3/151 [minotaur/the +12 quick blade "Gimble" {protect}
                  | (16)]
 10959 | Gauntlet | Slain by a minotaur

Illustrated notes

Levels and vault maps discovered:
D:1:      sevenhm_arrival_forest_fort_small_4, layout_loops_ring
D:2:      layout_loops_ring, shapermc_ecumenical_altar_ellora
D:3:      layout_basic, lemuel_round_altar, mainiacjoe_overflow_alcove_1,
          uniq_natasha
D:4:      layout_rooms, tso_metal_star, serial_shops, nicolae_shop_trees
D:5:      layout_rooms, amethyst_overflow_temple_binary, temple_statues
D:6:      minmay_flawed_box, layout_loops_ring, mainiacjoe_overflow_alcove_2
D:7:      layout_loops_ring, kennysheep_mini_moat, enter_bailey_3,
          kennysheep_windowed_goal
D:8:      minmay_opposing_rooms, layout_rooms, mainiacjoe_overflow_alcove_3,
          due_lair_maze_entry_diamond
D:9:      layout_rooms
D:10:     layout_basic, enter_trove_5, serial_shops, nicolae_stop_n_shop_1,
          grunt_ministairs_6
D:11:     layout_rooms, orc_david_3, special_room [special_room_orc],
          elyvilon_altar_4, uniq_snorg
D:12:     layout_rooms, minmay_guarded_unrand_staff_of_olgreb
Lair:1:   layout_cave_shapes, gauntlet_entry_generic,
          nicolae_lair_liquid_snakes, lemuel_fruit_tree, uniq_gastronok
Gauntlet: gammafunk_gauntlet_hard_choice
          [gammafunk_gauntlet_arena_split_diamond,
          gammafunk_gauntlet_arena_corners, nicolae_gauntlet_arena_quarters,
          nicolae_gauntlet_arena_flowing_pool, gammafunk_gauntlet_arena_mazey,
          gammafunk_gauntlet_arena_split_x,
          nicolae_gauntlet_exit_dead_adventurers]

Skill      XL: |  1  2  3  4  5  6  7  8  9 10 11 |
---------------+----------------------------------+-----
Axes           | 4 5 6 7 8 9 11 13 14 | 14.7
Fighting       | 4 5 6 7 8 9 10 | 10.9
Ranged Weapons | 2 3 4 5 7 9 11 12 | 12.8
Evocations     | 1 3 |  3.6
Armour         | |  2.4
Dodging        | |  2.1

Action                     |  1- 3 |  4- 6 |  7- 9 | 10-12 || total
---------------------------+-------+-------+-------+-------++-------
  Melee: Hand axe          |    68 |       |       |       ||    68
         Headbutt          |     9 |     9 |    31 |    52 ||   101
         War axe           |     8 |    70 |   185 |   248 ||   511
         Morningstar       |       |       |       |     4 ||     4
         Punch             |       |       |       |     1 ||     1
   Fire: Sling             |     6 |    38 |    92 |    10 ||   146
         Arbalest          |       |       |       |    38 ||    38
  Throw: Dart              |     3 |     1 |    19 |     5 ||    28
         Boomerang         |       |       |     2 |     2 ||     4
 Invoke: Berserk           |     1 |     3 |     9 |    13 ||    26
         Trog's Hand       |     1 |     1 |    12 |    19 ||    33
  Evoke: Wand              |       |       |       |     6 ||     6
    Use: Scroll            |     1 |     1 |     6 |    15 ||    23
         Potion            |       |       |     1 |     5 ||     6
   Stab: Sleeping          |     1 |       |       |       ||     1
         Paralysed         |       |       |       |     1 ||     1
 Armour: Animal skin       |     6 |     1 |       |       ||     7
         Ring mail         |       |    31 |    31 |       ||    62
         Chain mail        |       |       |    32 |       ||    32
         Plate armour      |       |       |    55 |   183 ||   238
         Skin              |       |       |       |     5 ||     5
  Dodge: Dodged            |    49 |    46 |    79 |    69 ||   243
  Block: Buckler           |       |       |    13 |       ||    13
         Tower shield      |       |       |    40 |   112 ||   152

Table legend: (Time is in decaauts)
 A = Elapsed time spent in this place.
 B = Non-inter-level travel time spent in this place.
 C = Inter-level travel time spent in this place.
 D = Time resting spent in this place.
 E = Time spent auto-exploring this place.
 F = Levels seen in this place.
 G = Mean time per level.
                   A        B        C        D        E       F      G
               +--------+--------+--------+--------+--------+-----+--------+
         Total |  11308 |  11064 |    244 |   2963 |   5605 |  15 |  753.9 |
       Dungeon |  10207 |   9963 |    244 |   2467 |   5412 |  12 |  850.6 |
          Lair |     12 |     12 |      0 |      0 |      0 |   1 |   12.0 |
        Bailey |    805 |    805 |      0 |    413 |    127 |   1 |  805.0 |
      Gauntlet |    283 |    283 |      0 |     82 |     65 |   1 |  283.0 |
               +--------+--------+--------+--------+--------+-----+--------+

Top non-repeatable levels by time:
     D:8: 1548 daAuts
    D:10: 1221 daAuts
     D:3: 1094 daAuts
     D:7: 997 daAuts
     D:6: 881 daAuts
     D:1: 858 daAuts
     D:2: 818 daAuts
  Bailey: 805 daAuts
     D:9: 800 daAuts
     D:5: 759 daAuts
     D:4: 628 daAuts
    D:12: 566 daAuts
Gauntlet: 283 daAuts
    D:11: 31 daAuts
  Lair:1: 12 daAuts
